 Dungeon Crawl Stone Soup version 0.21-a0-404-g291f19a (webtiles) character file.

42796 sagitran the Carver (level 13, -7/101 HPs)
             Began as a Demonspawn Gladiator on Oct 29, 2017.
             Mangled by a white ugly thing (45 damage)
             ... in an ice cave.
             The game lasted 02:05:47 (16516 turns).

sagitran the Carver (Demonspawn Gladiator)         Turns: 16516, Time: 02:05:47

Health: -7/101     AC: 12    Str: 20    XL:     13   Next: 87%
Magic:  0/16       EV: 17    Int: 12    God:
Gold:   1213       SH:  0    Dex: 17    Spells: 15/16 levels left

rFire    + . .     SeeInvis .   Q - +3 scimitar (flame)
rCold    x . .     Gourm    .   (no shield)
rNeg     . . .     Faith    .   q - +4 leather armour "Cizet" {rPois Int+3}
rPois    +         Spirit   +   w - +1 hat {Int+3}
rElec    +         Reflect  .   c - +2 cloak of a bailey {rElec Int-3 Slay+6 Stlth+}
rCorr    .         Harm     .   (no gloves)
MR       .....                  (boots unavailable)
Stlth    ++++......             A - amulet of guardian spirit
HPRegen  1.26/turn              v - +2 ring of dexterity
MPRegen  0.15/turn              P - ring of fire

@: no status effects
A: antennae 2, claws 1, hooves 3, poison resistance, powered by death 2, wild
magic 1, evolution 1
a: no special abilities


You were in an ice cave.
You were not hungry.

You visited 3 branches of the dungeon, and saw 16 of its levels.
You also visited: Ossuary and Ice Cave.

You collected 1213 gold pieces.

Inventory:

Hand Weapons
 x - a +2 falchion of slicing
 Q - a +3 scimitar of flaming (weapon)
Missiles
 T - 4 javelins (quivered)
Armour
 c - the +2 cloak of a bailey (worn) {rElec Int-3 Slay+6 Stlth+}
   (You found it on level 6 of the Dungeon)

   It affects your intelligence (-3).
   It affects your accuracy and damage with ranged weapons and melee attacks
   (+6).
   It insulates you from electricity.
   It makes you more stealthy.
 q - the +4 leather armour "Cizet" (worn) {rPois Int+3}
   (You found it on level 1 of the Lair of Beasts)

   It affects your intelligence (+3).
   It protects you from poison.
 w - a +1 hat of intelligence (worn)
Jewellery
 v - a +2 ring of dexterity (left claw)
 y - a +1 ring of protection
 A - an amulet of guardian spirit (around neck)
 P - a ring of fire (right claw)
Wands
 d - a wand of acid (6/15)
 H - a wand of acid (8/15)
 J - a wand of clouds (4/9)
 M - a wand of paralysis (6/24)
 V - a wand of polymorph (9/24)
 Y - a wand of iceblast (2/15)
Scrolls
 g - 8 scrolls of remove curse
 k - 2 scrolls of teleportation
 l - 2 scrolls of magic mapping
 m - 7 scrolls of recharging
 p - 6 scrolls of enchant weapon
 r - 5 scrolls of enchant armour
 t - a scroll of holy word {unknown}
 u - 2 scrolls of silence
 B - a scroll of brand weapon {unknown}
 C - 2 scrolls of fog
 D - 2 scrolls of blinking {unknown}
 F - a scroll of immolation {unknown}
 K - a scroll of fear {unknown}
 L - a scroll of acquirement {unknown}
 N - 3 scrolls of identify
 W - a scroll of summoning {unknown}
 X - 2 scrolls of amnesia
Potions
 a - 2 potions of resistance
 b - 2 potions of haste
 e - 3 potions of agility
 i - a potion of ambrosia
 j - 4 potions of flight
 n - a potion of curing
 o - 4 potions of might
 z - a potion of brilliance
 E - a potion of invisibility {unknown}
 G - 2 potions of lignification
Books
 O - a book of Battle

   Spells                             Type                      Level
   a - Infusion                       Charms                       1
   b - Shroud of Golubria             Charms/Translocation         2
   c - Song of Slaying                Charms                       2
   d - Spectral Weapon                Hexes/Charms                 3
   e - Regeneration                   Charms/Necromancy            3
 S - the Almanac of the Hierophant
   (You found it on level 9 of the Dungeon)

   Spells                             Type                      Level
   a - Shroud of Golubria             Charms/Translocation         2
   b - Ozocubu's Armour               Charms/Ice                   3
   c - Mephitic Cloud                 Conjuration/Poison/Air       3
   d - Deflect Missiles               Charms/Air                   6
   e - Freezing Cloud                 Conjuration/Ice/Air          6
Miscellaneous
 R - a lightning rod (4/4)
Comestibles
 f - 2 bread rations
 h - 11 meat rations
 s - 9 fruits
 U - 7 royal jellies


   Skills:
 + Level 9.5 Fighting
 + Level 12.7 Long Blades
 + Level 7.2 Throwing
 + Level 6.4 Armour
 + Level 8.1 Dodging
 + Level 8.3 Stealth
 + Level 1.9 Unarmed Combat
 + Level 2.0 Spellcasting
 + Level 1.9 Charms
 + Level 3.3 Evocations


You had 15 spell levels left.
You knew the following spells:

 Your Spells              Type           Power        Failure   Level  Hunger
a - Infusion              Chrm           #...         21%         1    ##.....


Dungeon Overview and Level Annotations

Branches:
Dungeon (11/15)            Temple (1/1) D:7            Lair (4/6) D:11
  Swamp (0/4) Lair:3        Snake (0/4) Lair:2          Orc (0/2) D:10

Altars:
Ashenzari
Cheibriados
Dithmenos
Elyvilon
Fedhas
Gozag
Hepliaklqana
Kikubaaqudgha
Makhleb
Nemelex Xobeh
Okawaru
Qazlal
Ru
Sif Muna
Trog
Uskayaw
Vehumet
Wu Jian
Xom
Yredelemnul
Zin
The Shining One
Beogh

Annotations:
Lair:1 exclusion: oklob plant


Innate Abilities, Weirdness & Mutations

You have a pair of antennae on your head.
You have sharp fingernails.
You have hooves in place of feet.
You regenerate health from kills.
Your system is resistant to poisons. (rPois)
Your spells are a little harder to cast, but a little more powerful.
You evolve.


Message History

You kick the ice statue.
The ice statue is moderately damaged.
You hit the ice statue.
You melt the ice statue.
Your kick misses the ice statue.
The ice statue is moderately damaged.
You slash the ice statue!
You melt the ice statue.
You kick the ice statue!
The ice statue is severely damaged.
You hit the ice statue.
You melt the ice statue.
You kick the ice statue, but do no damage.
The ice statue is severely damaged.
The ice statue gestures at you. The shard of ice misses you.
You slash the ice statue!
You melt the ice statue!
You destroy the ice statue!
You slash the white ugly thing! You burn the white ugly thing.
Your kick misses the white ugly thing.
The white ugly thing is lightly wounded.
The white ugly thing engulfs you! The white ugly thing freezes you!!!
You feel a terrible chill!
You die...

#.)......(#
#####.#####
#.........#
#.........#
#....(....#
#....(....#
#.........#
##.......##
##..@..##
###u### ...
.....
.......
.........
#/.......[#
#$.......[#


You could see a white ugly thing.

Vanquished Creatures
  Gastronok (Lair:1)
  Snorg (D:11)
  Harold (D:10)
  2 hydras
  Erica (D:9)
  The ghost of stickyfingers the Basher, a journeyman TeEE of Qazlal (Lair:1)
  A two-headed ogre (D:10)
  2 unseen horrors
  An ugly thing (IceCv)
  Joseph (D:7)
  3 ice statues (IceCv)
  6 spiny frogs
  A rime drake (Lair:4)
  4 komodo dragons
  The ghost of Slowdrip the Changer, a novice OpTm of Ru (D:5)
  2 ice devils (Lair:4)
  A troll (D:11)
  3 hornets (D:11)
  8 blink frogs
  A hippogriff (Lair:1)
  15 yaks
  Menkaure (D:6)
  2 wargs (D:11)
  3 nagas (Lair:2)
  A soldier ant (D:11)
  9 water moccasins
  8 porcupines
  8 ice beasts
  4 orc warriors
  2 black bears
  A necrophage (D:10)
  2 phantoms
  6 wolves (Lair:1)
  7 ogres
  5 centaurs
  A big kobold (D:11)
  10 crocodiles
  Blork the orc (D:4)
  13 bullfrogs
  A gnoll sergeant (D:5)
  4 scorpions
  A water moccasin skeleton (D:7)
  18 killer bees
  4 wights (D:10)
  5 crimson imps
  A bullfrog zombie (D:7)
  A centaur zombie (D:11)
  A quasit (D:11)
  8 orc priests
  3 jellies
  2 centaur skeletons
  A bullfrog skeleton (D:5)
  4 gnoll shamans (D:5)
  5 hounds
  11 orc wizards
  4 iguanas
  5 worker ants
  A killer bee zombie (D:10)
  A hound zombie (D:9)
  8 mummies (Ossuary)
  Robin (D:2)
  45 gnolls
  12 adders
  4 shadow imps
  2 oozes
  An adder skeleton (D:2)
  6 worms
  5 dart slugs
  2 leopard geckos
  53 orcs
  4 ball pythons
  A bat zombie (D:2)
  4 giant cockroaches
  18 goblins
  8 hobgoblins
  17 jackals
  10 kobolds
  3 quokkas
  6 bats
  4 frilled lizards
  A giant cockroach zombie (D:2)
  A hobgoblin zombie (Ossuary)
  A kobold zombie (Ossuary)
  A leopard gecko skeleton (D:6)
  A leopard gecko zombie (D:2)
  6 orc zombies (Ossuary)
  A quokka skeleton (D:2)
  A quokka zombie (D:2)
  7 rats
456 creatures vanquished.

Vanquished Creatures (others)
  A plant (D:11)
1 creature vanquished.

Grand Total: 457 creatures vanquished

Notes
Turn   | Place    | Note
-------+----------+-------------------------------------------
     0 | D:1      | sagitran the Demonspawn Gladiator began the quest for the Orb.
     0 | D:1      | Reached XP level 1. HP: 16/16 MP: 1/1
   110 | D:1      | Reached skill level 3 in Long Blades
   116 | D:1      | Gained mutation: You regenerate a little health from kills. [demonic ancestry]
   116 | D:1      | Reached XP level 2. HP: 12/22 MP: 2/2
   611 | D:1      | Reached XP level 3. HP: 28/28 MP: 3/3
  1059 | D:2      | Found a glowing golden altar of the Shining One.
  1071 | D:2      | Found an ornate altar of the Wu Jian Council.
  1397 | D:2      | Found an iron altar of Okawaru.
  1410 | D:2      | Reached skill level 1 in Armour
  1454 | D:2      | Gained mutation: You have large cloven feet. [demonic ancestry]
  1454 | D:2      | Reached XP level 4. HP: 29/34 MP: 4/4
  1582 | D:2      | Noticed Robin
  1587 | D:2      | Reached skill level 4 in Long Blades
  1590 | D:2      | Killed Robin
  1988 | D:3      | Reached XP level 5. HP: 25/39 MP: 5/5
  2217 | D:3      | Found a shadowy altar of Dithmenos.
  2731 | D:4      | Noticed Blork the orc
  2740 | D:4      | Killed Blork the orc
  2740 | D:4      | Gained mutation: You regenerate health from kills. [demonic ancestry]
  2740 | D:4      | Reached XP level 6. HP: 47/47 MP: 6/6
  2780 | D:4      | Reached skill level 5 in Long Blades
  2814 | D:4      | Gained mutation: Armour fits poorly on your strangely shaped body. [potion of mutation]
  2814 | D:4      | Gained mutation: You evolve. [potion of mutation]
  2875 | D:4      | Found a sand-covered staircase.
  2880 | Ossuary  | Entered an ossuary
  3101 | D:4      | Reached XP level 7. HP: 52/52 MP: 7/7
  3679 | D:4      | Found a hide-covered altar of Uskayaw.
  3679 | D:4      | Found a shimmering altar of Xom.
  3681 | D:4      | Found an ancient bone altar of Kikubaaqudgha.
  3791 | D:5      | Entered Level 5 of the Dungeon
  3935 | D:5      | Reached skill level 6 in Long Blades
  4575 | D:5      | Reached skill level 1 in Stealth
  4601 | D:5      | Gained mutation: You have a pair of small antennae on your head. [demonic ancestry]
  4601 | D:5      | Reached XP level 8. HP: 43/60 MP: 5/8
  4639 | D:5      | Noticed Slowdrip's ghost (novice OpTm)
  4835 | D:5      | Killed Slowdrip's ghost
  4835 | D:5      | Reached skill level 7 in Long Blades
  5831 | D:5      | Reached skill level 5 in Fighting
  6230 | D:6      | Got a heavily runed cloak
  6242 | D:5      | Identified the +2 cloak of a bailey {rElec Int-3 Slay+6 Stlth+} (You found it on level 6 of the Dungeon)
  6301 | D:6      | Noticed Menkaure
  6307 | D:6      | Killed Menkaure
  6307 | D:6      | Reached XP level 9. HP: 68/68 MP: 9/9
  6405 | D:6      | Reached skill level 8 in Long Blades
  6518 | D:6      | Found a blossoming altar of Fedhas.
  6637 | D:6      | Found a bloodstained altar of Trog.
  7265 | D:7      | Reached skill level 5 in Dodging
  7427 | D:7      | Lost mutation: Armour fits poorly on your strangely shaped body. [evolution]
  7762 | D:7      | Noticed Joseph
  7872 | D:7      | Found a staircase to the Ecumenical Temple.
  7878 | Temple   | Entered the Ecumenical Temple
  8080 | D:7      | Killed Joseph
  8874 | D:8      | Reached skill level 9 in Long Blades
  8874 | D:8      | Gained mutation: You have hoof-like feet. [demonic ancestry]
  8874 | D:8      | Reached XP level 10. HP: 76/76 MP: 10/10
  9388 | D:9      | Noticed Erica
  9412 | D:9      | Killed Erica
  9495 | D:9      | Identified the Almanac of the Hierophant
 10052 | D:9      | Found a deep blue altar of Sif Muna.
 10085 | D:10     | Entered Level 10 of the Dungeon
 10382 | D:10     | Reached skill level 5 in Throwing
 10455 | D:10     | Noticed Harold
 10493 | D:10     | Killed an unseen horror
 10493 | D:10     | Reached skill level 5 in Armour
 10512 | D:10     | Killed Harold
 10683 | D:10     | Reached skill level 5 in Stealth
 10691 | D:10     | Found a roughly hewn altar of Beogh.
 10691 | D:10     | Found a staircase to the Orcish Mines.
 10784 | D:10     | Noticed an orc knight
 10842 | D:10     | Reached skill level 10 in Long Blades
 10976 | D:10     | Reached XP level 11. HP: 84/84 MP: 11/11
 11028 | D:10     | Noticed a two-headed ogre
 11038 | D:10     | Killed a two-headed ogre
 11375 | D:11     | Gained mutation: Your muscles are strong. (Str +2) [evolution]
 11517 | D:11     | Learned a level 1 spell: Infusion
 11608 | D:11     | Found a staircase to the Lair.
 11665 | D:11     | Noticed Snorg
 11677 | D:11     | Killed Snorg
 12050 | D:11     | Killed an unseen horror
 12615 | Lair:1   | Entered Level 1 of the Lair of Beasts
 12808 | Lair:1   | Reached skill level 11 in Long Blades
 12811 | Lair:1   | Gained mutation: Your magical capacity is low. (-10% MP) [evolution]
 12834 | Lair:1   | Noticed a four-headed hydra
 12840 | Lair:1   | Noticed stickyfingers's ghost (journeyman TeEE)
 12849 | Lair:1   | Killed a two-headed hydra
 12849 | Lair:1   | Reached skill level 1 in Evocations
 12850 | Lair:1   | Noticed Gastronok
 12855 | Lair:1   | Killed stickyfingers's ghost
 13158 | Lair:1   | Got a bloodstained leather armour
 13169 | Lair:1   | Identified the +4 leather armour "Cizet" {rPois Int+3} (You found it on level 1 of the Lair of Beasts)
 13282 | Lair:1   | Killed Gastronok
 13282 | Lair:1   | Gained mutation: You have hooves in place of feet. [demonic ancestry]
 13282 | Lair:1   | Reached XP level 12. HP: 82/92 MP: 9/11
 14430 | Lair:2   | Found a staircase to the Snake Pit.
 14465 | Lair:2   | Reached skill level 12 in Long Blades
 14465 | Lair:2   | Reached skill level 1 in Unarmed Combat
 14465 | Lair:2   | Reached skill level 1 in Charms
 14465 | Lair:2   | Gained mutation: You have sharp fingernails. [demonic ancestry]
 14465 | Lair:2   | Reached XP level 13. HP: 100/100 MP: 11/14
 14752 | Lair:3   | Found a staircase to the Swamp.
 16144 | Lair:4   | Found a frozen archway.
 16252 | IceCv    | Entered an ice cave
 16253 | IceCv    | Lost mutation: Your magical capacity is low. (-10% MP) [potion of mutation]
 16253 | IceCv    | Lost mutation: Your muscles are strong. (Str +2) [potion of mutation]
 16253 | IceCv    | Gained mutation: Your system is resistant to poisons. (rPois) [potion of mutation]
 16253 | IceCv    | Gained mutation: You have a pair of antennae on your head. [potion of mutation]
 16253 | IceCv    | Gained mutation: Your spells are a little harder to cast, but a little more powerful. [potion of mutation]
 16516 | IceCv    | Mangled by a white ugly thing

Vault maps used:
D:1:      dpeg_arrival_oval, minmay_heptomino_w4
D:2:      amethyst_overflow_temple_binary, serial_undead, serial_undead_d,
          serial_undead_a, serial_undead_a, serial_undead_f, first_bread,
          hangedman_decor_opposing, okawaru_ov_weapons_minmay, uniq_robin
D:3:      lemuel_doored_altar
D:4:      minitemple, enter_ossuary_2, uniq_blork_the_orc
D:5:      lemuel_castle_with_subvaults
D:6:      lemuel_round_altar, basic_altar, uniq_menkaure
D:7:      minmay_temple_entry_enclosed_plants, uniq_joseph
D:8:      minmay_crystal_room
D:9:      led_sif_pool, uniq_erica
D:10:     david_orc_5, uniq_harold
D:11:     erik_lair_orcish_takeover, hangedman_pestilent_swarm, uniq_snorg
Temple:   eino_temple_water
Lair:1:   lemuel_fruit_fields, minmay_lair_oklob_chamber,
          infiniplex_staircase_pool, uniq_gastronok
Lair:2:   beast_lair_carwin_large_2, minmay_snake_entry_guardpost_small
Lair:3:   swamp_mist_pool
Lair:4:   portal_ice_cave_demonic_guard, hangedman_lair_generics_rect
Ossuary:  ossuary_tomb_3
IceCv:    ice_cave_statue_garden_chambered

Skill      XL: |  1  2  3  4  5  6  7  8  9 10 11 12 13 |
---------------+----------------------------------------+-----
Long Blades    | 3 4 5 6 7 9 10 11 12 | 12.7
Armour         | 1 2 3 4 5 6 |  6.4
Dodging        | 3 4 5 6 7 8 |  8.1
Fighting       | 3 4 5 6 7 8 9 |  9.5
Stealth        | 1 3 5 6 7 8 |  8.3
Throwing       | 3 4 5 6 7 |  7.2
Evocations     | 1 2 3 |  3.3
Unarmed Combat | 1 |  1.9
Spellcasting   | 2 |  2.0
Charms         | 1 |  1.9

Action                   |  1- 3 |  4- 6 |  7- 9 | 10-12 | 13-15 || total
-------------------------+-------+-------+-------+-------+-------++-------
Melee: Long sword        |    93 |    97 |       |       |       ||   190
       Kick              |       |    47 |   142 |   135 |    71 ||   395
       Falchion          |       |    93 |   352 |   260 |       ||   705
       Scimitar          |       |       |       |    80 |   133 ||   213
       Punch             |       |       |       |       |     3 ||     3
Throw: Javelin           |       |       |    44 |    46 |     2 ||    92
       Throwing net      |       |       |     6 |     8 |       ||    14
       Tomahawk          |       |       |       |    13 |       ||    13
Evoke: Lightning rod     |       |       |       |     2 |       ||     2
       Wand              |       |       |       |    20 |       ||    20
  Use: Scroll            |       |     6 |     9 |    10 |     1 ||    26
       Potion            |       |     6 |     3 |     4 |     5 ||    18
 Stab: Sleeping          |       |     1 |     6 |    16 |     4 ||    27
       Held in net/web   |       |       |     1 |     1 |       ||     2
       Paralysed         |       |       |       |     4 |       ||     4
       Distracted        |       |       |       |     3 |       ||     3
  Eat: Chunk             |     2 |     5 |     5 |    12 |     3 ||    27
       Bread ration      |       |       |     3 |       |       ||     3
       Royal jelly       |       |       |     1 |     2 |     2 ||     5
       Fruit             |       |       |       |     1 |     1 ||     2
Armor: Leather armour    |    26 |    52 |    56 |    97 |    23 ||   254
Dodge: Dodged            |    72 |   143 |   243 |   216 |   108 ||   782
       Rpst.: Long sword |    18 |    24 |       |       |       ||    42
       Falchion          |       |    13 |    63 |    40 |       ||   116
       Scimitar          |       |       |       |    17 |    27 ||    44

Table legend:
 A = Spawn XP
 B = Non-spawn XP
 C = Spawn XP percentage of total XP
 D = Spawn monster count
 E = Non-spawn monster count
 F = Spawn count percentage of total count
 G = Total turns spent on level
                    A         B        C        D         E        F      G
               +---------+---------+-------+---------+---------+-------+---------
         Total |       0 |   40653 |   0.0 |       0 |     456 |   0.0 | 16516
               +---------+---------+-------+---------+---------+-------+---------
           D:1 |       0 |      42 |   0.0 |       0 |      22 |   0.0 |   941
           D:2 |       0 |     122 |   0.0 |       0 |      35 |   0.0 |   967
           D:3 |       0 |     120 |   0.0 |       0 |      30 |   0.0 |   746
           D:4 |       0 |     425 |   0.0 |       0 |      20 |   0.0 |  1318
           D:5 |       0 |    1735 |   0.0 |       0 |      72 |   0.0 |  1981
           D:6 |       0 |    1059 |   0.0 |       0 |      18 |   0.0 |  1040
           D:7 |       0 |    1477 |   0.0 |       0 |      21 |   0.0 |  1271
           D:8 |       0 |     810 |   0.0 |       0 |      21 |   0.0 |   785
           D:9 |       0 |    1304 |   0.0 |       0 |      16 |   0.0 |   863
          D:10 |       0 |    5100 |   0.0 |       0 |      42 |   0.0 |  1141
          D:11 |       0 |    5389 |   0.0 |       0 |      51 |   0.0 |  1522
        Lair:1 |       0 |    8092 |   0.0 |       0 |      28 |   0.0 |  1019
        Lair:2 |       0 |    5255 |   0.0 |       0 |      26 |   0.0 |   932
        Lair:3 |       0 |    4859 |   0.0 |       0 |      21 |   0.0 |  1282
        Lair:4 |       0 |    1919 |   0.0 |       0 |       7 |   0.0 |   176
       Ossuary |       0 |     155 |   0.0 |       0 |      16 |   0.0 |   197
         IceCv |       0 |    2790 |   0.0 |       0 |      10 |   0.0 |   264
               +---------+---------+-------+---------+---------+-------+---------
